 Dungeon Crawl Stone Soup version 0.22-a0-78-g0f8607c (webtiles) character file.

621805 Atlas the Slayer (level 27, -1/233 HPs)
             Began as a Barachi Fire Elementalist on Jan 15, 2018.
             Was the Champion of Cheibriados.
             Engulfed by a cloud of freezing vapour (27 damage)
             ... on level 1 of the Depths on Jan 16, 2018.
             The game lasted 05:03:07 (98420 turns).

Atlas the Slayer (Barachi Fire Elementalist)       Turns: 98420, Time: 05:03:07

Health: -1/233     AC: 25    Str: 27    XL:     27
Magic:  0/53       EV: 37    Int: 49    God:    Cheibriados [******]
Gold:   8810       SH:  0    Dex: 36    Spells: 8/61 levels left

rFire    + + +     SeeInvis .   k - +7 quarterstaff of the Vaults {venom, Fragile rPois MR+ Dex+8}
rCold    + . .     Gourm    .   (shield currently unavailable)
rNeg     . . .     Faith    .   M - +4 faerie dragon scales {rCorr Int+3}
rPois    +         Spirit   +   A - +2 helmet
rElec    .         Reflect  .   C - scarf {rC+ rF+}
rCorr    +         Harm     .   n - +2 pair of gloves
MR       ++++.     Clarity  +   L - +2 pair of boots {Fly}
Stlth    +++.......             s - amulet of the Morning {Spirit +Inv rF+ MR+ Int+3}
HPRegen  0.48/turn              l - ring of magical power
MPRegen  0.33/turn              u - ring of protection from fire

@: can't hop, studying Necromancy, very slow
A: +LOS, swims, clarity, clever 1, deterioration 1, slowness 1, strong legs 2
}: 3/15 runes: decaying, serpentine, silver
a: Hop, Bend Time, Temporal Distortion, Slouch, Step From Time, Renounce
Religion, Evoke Invisibility, Evoke Flight


You were on level 1 of the Depths.
You worshipped Cheibriados.
Cheibriados was exalted by your worship.
You were not hungry.

You visited 11 branches of the dungeon, and saw 49 of its levels.
You visited the Abyss 4 times.
You visited 1 bazaar.
You also visited: Labyrinth and Ice Cave.

You collected 9554 gold pieces.
You spent 744 gold pieces at shops.

Inventory:

Hand Weapons
 k - the +7 quarterstaff of the Vaults (weapon) {venom, Fragile rPois MR+ Dex+8}
   (You found it on level 1 of the Lair of Beasts)

   It poisons the flesh of those it strikes.
   It affects your dexterity (+8).
   It protects you from poison.
   It affects your resistance to hostile enchantments.
   It will be destroyed if unequipped.
 m - a +4 lajatang of electrocution
 w - a +9 glaive of distortion
 U - the +7 great mace "Undeadhunter" {disrupt, rN+}
   (You took it off a hell knight on level 3 of the Crypt)

   It protects you from negative energy.
 Y - the +12 glaive of Prune {chop}
   (You took it off an ironbrand convoker on level 5 of the Vaults)

   It inflicts extra damage upon your enemies.
Missiles
 F - 2 throwing nets (quivered)
Armour
 d - a scarf of cloud immunity
 n - a +2 pair of gloves (worn)
 A - a +2 helmet (worn)
 C - a scarf of resistance (worn)
 L - a +2 pair of boots of flying (worn)
 M - the +4 faerie dragon scales (worn) {rCorr Int+3}
   (You took it off the Enchantress on level 15 of the Dungeon)

   It affects your intelligence (+3).
   It protects you from acid and corrosion.
Magical Staves
 y - an uncursed staff of fire
 X - an uncursed staff of energy
Jewellery
 l - a ring of magical power (left hand)
 p - an uncursed ring of protection from cold
 s - the amulet of the Morning (around neck) {Spirit +Inv rF+ MR+ Int+3}
   (You took it off a deep elf mage on level 5 of the Vaults)

   [amulet of guardian spirit]

   It causes incoming damage to be split between your health and magic.
   It affects your intelligence (+3).
   It protects you from fire.
   It affects your resistance to hostile enchantments.
   It lets you turn invisible.
 t - an uncursed ring of protection from magic
 u - a ring of protection from fire (right hand)
 D - an uncursed ring of magical power
 Q - an uncursed ring of poison resistance
Wands
 h - a wand of scattershot (4)
 G - a wand of digging (28)
 N - a wand of clouds (9)
 R - a wand of acid (26)
Scrolls
 b - 4 scrolls of identify
 o - 11 scrolls of fog
 q - 6 scrolls of teleportation
 r - 10 scrolls of amnesia
 v - 32 scrolls of remove curse
 J - 4 scrolls of enchant armour
 T - 9 scrolls of magic mapping
 V - 2 scrolls of holy word
 Z - 3 scrolls of fear
Potions
 a - 10 potions of lignification
 f - 3 potions of resistance
 i - 5 potions of invisibility
 j - 3 potions of curing
 z - 4 potions of mutation
 E - 10 potions of might
 H - a potion of cancellation
 K - a potion of magic
 P - 4 potions of agility
Books
 B - a book of Clouds

   Spells                             Type                      Level
   a - Poisonous Vapours              Poison/Air                   2
   b - Mephitic Cloud                 Conjuration/Poison/Air       3
   c - Conjure Flame                  Conjuration/Fire             3
   d - Freezing Cloud                 Conjuration/Ice/Air          6
   e - Ring of Flames                 Charms/Fire                  7
 S - a manual of Necromancy
 W - Xikycvub's Papyrus of Displacement
   (You found it in a labyrinth)

   Spells                             Type                      Level
   a - Portal Projectile              Hexes/Translocation          3
   b - Lesser Beckoning               Translocation                3
   c - Force Lance                    Conjuration/Translocation    4
   d - Passage of Golubria            Translocation                4
   e - Dispersal                      Translocation                6
   f - Disjunction                    Translocation                8
Miscellaneous
 e - a lamp of fire
 g - 3 sacks of spiders
 I - 2 phantom mirrors
 O - 4 boxes of beasts
Comestibles
 c - 54 rations


   Skills:
 + Level 22.8 Fighting
   Level 1.4 Short Blades
 + Level 13.8(14.8) Polearms
 - Level 10.7(14.0) Staves
 - Level 0.8 Throwing
 + Level 15.1 Armour
 + Level 21.0 Dodging
 - Level 2.1 Stealth
 - Level 1.4 Unarmed Combat
 + Level 17.7 Spellcasting
 + Level 13.9 Conjurations
 + Level 3.5 Hexes
 + Level 10.8 Summonings
 + Level 5.8 Necromancy
 + Level 18.1 Translocations
 + Level 18.4 Fire Magic
 + Level 10.4 Ice Magic
 + Level 9.5 Air Magic
 + Level 1.3 Invocations
 + Level 1.8 Evocations


You had 8 spell levels left.
You knew the following spells:

 Your Spells              Type           Power        Failure   Level  Hunger
a - Flame Tongue          Conj/Fire      #####        0%          1    None
b - Freezing Cloud        Conj/Ice/Air   ########..   1%          6    None
c - Conjure Flame         Conj/Fire      ########     0%          3    None
d - Sticky Flame          Conj/Fire      ########     0%          4    None
e - Inner Flame           Hex/Fire       ########     0%          3    None
f - Fireball              Conj/Fire      ########..   0%          5    None
g - Ignition              Fire           ########..   1%          8    None
h - Controlled Blink      Tloc           N/A          1%          8    None
j - Dispel Undead         Necr           #######.     1%          5    None
k - Cause Fear            Hex            ######....   1%          4    None
l - Shadow Creatures      Summ           N/A          1%          6    None


Dungeon Overview and Level Annotations

Branches:
Dungeon (15/15)            Temple (0/1) D:4            Lair (6/6) D:10
  Swamp (4/4) Lair:4        Snake (4/4) Lair:4        Slime (0/5) Lair:5
    Orc (2/2) D:9             Elf (3/3) Orc:2        Vaults (5/5) D:14
  Crypt (3/3) Vaults:2       Tomb (1/3) Crypt:3      Depths (5/5) D:15
   Hell (1/1)                 Zot (0/5) Depths:5
    Dis: Hell:1         Geh: Hell:1         Coc: Hell:1         Tar: Hell:1

Altars:
Ashenzari
Cheibriados
Dithmenos
Fedhas
Gozag
Hepliaklqana
Kikubaaqudgha
Makhleb
Nemelex Xobeh
Okawaru
Ru
Sif Muna
Trog
Uskayaw
Vehumet
Yredelemnul
Zin
The Shining One
Beogh

Shops:
D:15 }   Orc:2 [=*?!   Elf:2 [   Snake:2 }==   Depths:3 (![[   Depths:4 [

Portals:
Hell: Depths:1 Depths:2 Depths:3 Depths:4 Depths:5
Abyss: Depths:3 Depths:4
Pandemonium: Depths:1 Depths:2 Depths:3 Depths:5
Ziggurat: Depths:1
Trove: D:12 (give 9 potions of haste)

Annotations:
D:8 2 transporters
D:14 exclusion: obsidian statue
Hell Geryon


Innate Abilities, Weirdness & Mutations

Shadows flee at your approach. (+LOS)
You can swim through water.
You cover ground slowly.
You can hop long distances.
You possess an exceptional clarity of mind.
Your mind is acute. (Int +2)
Your body sometimes deteriorates upon taking damage.


Message History

You sock the blizzard demon!
The blizzard demon is severely wounded.
The blizzard demon burns!
The blizzard demon gestures at you. The freezing blast misses you.
You sock the blizzard demon!
The blizzard demon is almost dead.
You are engulfed in freezing vapours.
You resist.
* * * LOW HITPOINT WARNING * * *
The blizzard demon is engulfed in freezing vapours.
The blizzard demon misses you.
The blizzard demon hits you but does no damage.
You sock the blizzard demon!
You kill the blizzard demon!
Cheibriados appreciates the change of pace.
You are engulfed in freezing vapours.
You resist.
You are engulfed in freezing vapours.
You resist.
* * * LOW HITPOINT WARNING * * *
You are engulfed in freezing vapours.
You resist.
You die...

#..## #...#
###...## #...§..#
###.#### #§.# #§##
#### #§# #..# #@#
#..#
##§#########..#####
#..................
#..................
############.......
############.......
#..................
#..................
#..........######..


There were no monsters in sight!

Vanquished Creatures
  Mara (Depths:1)
  3 ancient liches
  A greater mummy (Tomb:1)
  Boris (Tomb:1)
  Vashnia (Snake:2)
  2 golden dragons
  Jory (Vaults:4)
  the Enchantress (D:15)
  3 bone dragons
  Nikola (Depths:1)
  A hellephant (Hell)
  3 tentacled monstrosities
  Jorgrun (Vaults:1)
  Rupert (D:13)
  7 liches
  7 titans
  A quicksilver dragon (Abyss:2)
  3 deep elf blademasters
  An Executioner (Abyss:2)
  10 tentacled starspawn
  An ancient champion (Tomb:1)
  3 deep elf master archers (Elf:3)
  13 sphinxes
  Agnes (D:15)
  Kirke (Abyss:1)
  4 storm dragons
  3 shadow dragons
  A draconian monk (Depths:5)
  13 nagarajas
  6 tengu reavers
  10 fire giants
  A daeva (Abyss:1)
  A revenant (Tomb:1)
  A frost giant (shapeshifter) (Vaults:5)
  7 deep elf sorcerers (Elf:3)
  22 frost giants
  An iron dragon (Depths:2)
  Aizul (Snake:4)
  A ghost moth (shapeshifter) (Vaults:5)
  An orc warlord (Vaults:4)
  16 vault wardens
  4 deep elf elementalists
  2 draconian annihilators
  A curse skull (Crypt:2)
  4 balrugs
  2 ghouls (Crypt:2)
  24 very ugly things
  8 ironheart preservers
  4 reapers (Hell)
  8 spriggan defenders
  2 entropy weavers (Vaults:5)
  20 stone giants
  7 war gargoyles
  2 bennus (Tomb:1)
  2 red draconians
  10 vampire knights
  Nessos (Abyss:1)
  5 deep elf demonologists
  Azrael (Abyss:1)
  2 lorocyprocas
  8 spark wasps
  A yellow draconian (Depths:5)
  6 deep elf annihilators
  A white draconian (Abyss:5)
  7 deep elf death magi
  2 purple draconians (Depths:5)
  2 eidola
  4 minotaurs
  2 green deaths
  8 fire dragons
  3 blizzard demons
  8 mummy priests (Tomb:1)
  11 ettins
  6 deep elf high priests
  15 ice dragons
  4 jiangshi
  12 yaktaur captains
  Josephine (D:13)
  Harold (Lair:3)
  3 crystal guardians (Crypt:3)
  The ghost of ClockworkOrrery the Fighter, a journeyman GrWz of Ashenzari (Lair:3)
  36 vault guards
  5 great orbs of eyes
  13 ogre magi
  11 naga warriors
  7 rakshasas
  21 hydras
  4 catoblepae
  An anaconda (shapeshifter) (Depths:5)
  6 spriggan air magi
  13 anacondas
  A ghost crab (Swamp:2)
  5 death knights
  8 centaur warriors
  3 alligators
  44 two-headed ogres
  12 deep troll shamans
  A death yak (Lair:3)
  31 dancing weapons
  A titan zombie (Crypt:3)
  2 spriggan berserkers
  3 thrashing horrors (Abyss:1)
  Urug (D:14)
  5 tengu warriors
  4 vampire magi
  7 deep troll earth magi
  14 hell hogs
  3 orc high priests (Orc:2)
  8 shock serpents
  Sonja (D:15)
  11 naga sharpshooters
  An iron golem (Depths:1)
  8 soul eaters
  11 sun demons
  5 wretched stars
  18 hell knights
  8 iron trolls
  The ghost of aTarkinC the Destroyer, a novice TeFE of Sif Muna (D:8)
  16 deep elf knights
  27 skeletal warriors
  8 sixfirhies
  A fire crab (Lair:6)
  An anaconda zombie (Hell)
  6 unseen horrors
  14 swamp dragons
  2 salamander mystics
  6 spriggan druids
  A death drake (shapeshifter) (Vaults:5)
  9 naga ritualists
  A spatial maelstrom (Abyss:1)
  A ghost moth zombie (Crypt:1)
  4 wizards
  2 deep trolls (shapeshifter)
  42 deep trolls
  A torturous demonspawn (Depths:5)
  2 flayed ghosts (Crypt:2)
  A storm dragon skeleton (Crypt:2)
  2 tengu zombies
  6 lindwurms
  7 glowing orange brains
  A golden dragon skeleton (Abyss:3)
  10 ironbrand convokers
  3 shambling mangroves
  16 deep elf archers
  10 mana vipers
  13 phantasmal warriors
  15 orc knights
  17 necromancers
  2 worldbinders
  8 orc sorcerers
  48 deep elf magi
  An iron dragon zombie (Vaults:1)
  3 wolf spider zombies
  A mana viper (shapeshifter) (Vaults:5)
  7 wolf spiders
  2 manticores
  4 oklob plants (Lair:4)
  A frost giant zombie (Crypt:2)
  11 salamanders
  3 stone giant skeletons
  6 cyclopes
  2 frost giant skeletons
  37 ugly things
  An iron dragon skeleton (Crypt:3)
  2 apocalypse crabs (Abyss:2)
  9 rust devils (Depths:1)
  2 ice statues
  28 black mambas
  28 starcursed masses
  A shock serpent skeleton (Crypt:3)
  19 naga magi
  A gargoyle (D:15)
  6 orange demons
  A grey draconian zombie (Crypt:1)
  2 fire giant skeletons (Crypt:3)
  11 spiny frogs
  An eye of devastation (Lair:5)
  6 torpor snails
  6 smoke demons
  15 vault sentinels
  16 guardian serpents
  3 efreet
  2 rime drakes
  2 green draconian zombies
  A komodo dragon (shapeshifter) (D:13)
  10 komodo dragons
  A human skeleton (Vaults:2)
  5 tengu conjurers
  3 tormentors
  4 yaktaurs (shapeshifter)
  4 kobold demonologists
  10 freezing wraiths
  69 yaktaurs
  2 hellwings
  3 demonic crawlers
  4 ice devils
  2 red devils
  3 trolls
  2 jumping spiders (Vaults:5)
  6 guardian mummies (Tomb:1)
  6 ancient zymes
  31 hornets
  2 silent spectres
  A harpy skeleton (D:15)
  A shadow dragon simulacrum (Vaults:3)
  32 polar bears
  12 tyrant leeches
  33 blink frogs
  A minotaur skeleton (Crypt:2)
  5 bog bodies
  14 raiju
  32 slime creatures
  2 dream sheep (shapeshifter)
  A fire dragon zombie (Crypt:3)
  15 large abominations
  A hippogriff (shapeshifter) (Vaults:4)
  16 hippogriffs
  An alligator zombie (Abyss:3)
  An iron dragon simulacrum (Abyss:3)
  A slime creature (shapeshifter) (Vaults:5)
  A meliai zombie (D:15)
  A stone giant simulacrum (Abyss:3)
  2 ice dragon zombies
  A centaur simulacrum (D:14)
  32 spriggans
  41 flying skulls
  5 air elementals
  Sigmund (D:6)
  An ettin skeleton (Vaults:2)
  A tarantella (shapeshifter) (Vaults:4)
  2 redbacks (shapeshifter)
  9 water elementals
  6 shadows
  A tarantella (Vaults:5)
  15 wraiths
  6 ynoxinuls
  11 small abominations
  2 ushabtiu (Tomb:1)
  2 wyverns
  15 humans
  53 yaks
  An ice dragon skeleton (Crypt:3)
  2 hogs (shapeshifter)
  3 steam dragons
  Eustachio (D:6)
  9 fire elementals
  3 hogs (D:13)
  A basilisk (Lair:6)
  A chaos spawn (Depths:1)
  7 neqoxecs
  A human (shapeshifter) (Depths:2)
  6 hungry ghosts
  The ghost of cellescent the Sneak, an amateur GnWn (D:3)
  A steam dragon (shapeshifter) (Vaults:5)
  Grum (D:8)
  10 wargs
  7 vampire mosquitoes
  55 nagas
  Edmund (D:5)
  2 deep troll zombies
  A harpy simulacrum (Crypt:2)
  3 spatial vortices (Abyss:1)
  18 swamp worms
  19 insubstantial wisps
  A soldier ant (D:13)
  9 water moccasins
  2 spiny frog zombies
  11 porcupines
  19 hell hounds
  A floating eye (shapeshifter) (Abyss:5)
  A gelid demonspawn skeleton (Crypt:2)
  13 swamp drakes
  A black bear (shapeshifter) (Vaults:3)
  3 spiny frog skeletons
  A swamp drake (shapeshifter) (Depths:1)
  12 ice beasts
  A manticore zombie (Abyss:3)
  6 phantoms
  27 orc warriors
  4 sky beasts
  13 black bears
  A two-headed ogre skeleton (Crypt:1)
  An eye of draining (shapeshifter) (Vaults:5)
  3 eyes of draining
  7 necrophages
  9 boggarts
  37 wolves
  23 centaurs
  40 ogres
  A wolf (shapeshifter) (Vaults:3)
  6 crocodiles
  An elephant skeleton (Crypt:2)
  A lindwurm skeleton (Crypt:2)
  A swamp dragon skeleton (Crypt:3)
  A tengu (shapeshifter) (Vaults:5)
  A crocodile (shapeshifter) (Vaults:2)
  A big kobold (shapeshifter) (Vaults:5)
  4 human zombies
  12 big kobolds
  An elf zombie (Abyss:3)
  A gnoll sergeant (D:10)
  8 bullfrogs
  A spiny frog simulacrum (Hell)
  A draconian skeleton (Crypt:1)
  6 earth elementals
  5 scorpions
  4 human simulacra
  A spriggan zombie (Crypt:3)
  10 wights
  7 electric eels
  6 howler monkeys
  4 centaur zombies
  4 bullfrog zombies
  10 crimson imps
  6 hounds
  3 quasits
  8 jellies
  3 centaur skeletons
  15 orc wizards
  5 bullfrog skeletons
  20 orc priests
  3 iron imps
  Jessica (D:3)
  3 iguanas
  10 hell rats
  4 worker ants
  A big kobold zombie (Crypt:1)
  A naga skeleton (Crypt:3)
  A hound zombie (D:6)
  5 mummies (Tomb:1)
  A worker ant zombie (D:9)
  7 gnolls
  15 adders
  6 river rats (Lair:1)
  A shadow imp (D:13)
  3 white imps
  3 oozes
  An adder zombie (D:7)
  5 worms
  3 dart slugs
  5 leopard geckos
  A leopard gecko (shapeshifter) (Vaults:2)
  90 orcs
  5 ball pythons
  A bat zombie (Crypt:2)
  8 giant cockroaches
  8 goblins
  22 hobgoblins
  8 jackals
  53 kobolds
  A quokka (D:3)
  9 bats
  11 frilled lizards
  A jackal zombie (D:6)
  A kobold zombie (Crypt:2)
  An orc skeleton (Crypt:3)
  5 rats
  4 plants
  9 starspawn tentacles
2670 creatures vanquished.

Vanquished Creatures (collateral kills)
  Mennas (Tomb:1)
  An ancient lich (Vaults:4)
  Boris (Crypt:1)
  Frances (D:14)
  A fire giant (Vaults:2)
  3 very ugly things (Depths:1)
  A yaktaur captain (Vaults:2)
  A phantasmal warrior (Vaults:5)
  An ugly thing (Depths:1)
  A spriggan (D:15)
  A human (D:14)
13 creatures vanquished.

Vanquished Creatures (others)
  2 fire giants
  2 fire dragons (D:15)
  2 two-headed ogres
  A tengu warrior (D:14)
  A hell hog (Depths:1)
  A golden dragon zombie (Abyss:3)
  A glowing orange brain (Vaults:4)
  An orc knight (D:12)
  2 deep elf magi
  A centaur skeleton (D:15)
  A spiny frog (shapeshifter) (Elf:1)
  2 yaktaurs (Vaults:2)
  A polar bear (IceCv)
  A slime creature (D:14)
  A water elemental (Elf:2)
  4 yaks
  A hog (D:13)
  An acid dragon (D:15)
  A naga (Snake:4)
  A swamp worm (Swamp:4)
  2 swamp drakes (Swamp:4)
  An ice beast (D:9)
  2 wolves (IceCv)
  A crocodile (Lair:1)
  A small abomination (Abyss:4)
  A hell rat (Lair:1)
  An ufetubus (Abyss:4)
  An orc (D:12)
  A bush (Lair:3)
  9 fungi
  A lurking horror (Abyss:5)
  20 plants
  18 starspawn tentacles
  A withered plant (D:9)
88 creatures vanquished.

Grand Total: 2771 creatures vanquished

Notes
Turn   | Place    | Note
-------+----------+-------------------------------------------
     0 | D:1      | Atlas the Barachi Fire Elementalist began the quest for the Orb.
     0 | D:1      | Reached XP level 1. HP: 13/13 MP: 3/3
   115 | D:1      | Reached XP level 2. HP: 19/19 MP: 1/5
   824 | D:1      | Reached XP level 3. HP: 24/24 MP: 3/6
   920 | D:2      | Found a snail-covered altar of Cheibriados.
  1318 | D:2      | Became a worshipper of Cheibriados the Contemplative
  1368 | D:2      | Reached XP level 4. HP: 10/30 MP: 0/8
  1729 | D:2      | Found a glowing silver altar of Zin.
  1730 | D:2      | Noticed an angel
  1954 | D:3      | Reached * piety under Cheibriados
  2209 | D:3      | Reached XP level 5. HP: 26/35 MP: 6/9
  2337 | D:3      | Reached skill level 1 in Unarmed Combat
  2338 | D:3      | Reached ** piety under Cheibriados
  2375 | D:3      | Noticed a big kobold
  2395 | D:3      | Killed a big kobold
  2712 | D:3      | Noticed cellescent's ghost (amateur GnWn)
  2728 | D:3      | Killed cellescent's ghost
  2728 | D:3      | Reached skill level 1 in Armour
  2728 | D:3      | Reached XP level 6. HP: 42/42 MP: 0/12
  2819 | D:3      | Learned a level 2 spell: Throw Flame
  2823 | D:3      | Learned a level 3 spell: Conjure Flame
  2828 | D:3      | Learned a level 4 spell: Sticky Flame
  2832 | D:3      | Learned a level 3 spell: Inner Flame
  2868 | D:3      | Noticed Jessica
  2877 | D:3      | Killed Jessica
  3417 | D:4      | Found a staircase to the Ecumenical Temple.
  3445 | D:4      | Got a ripped robe
  3456 | D:4      | Identified the +1 robe of the Wary Spirits {rC+ Int+2} (You found it on level 4 of the Dungeon)
  3580 | D:4      | Found a glowing golden altar of the Shining One.
  3902 | D:4      | Noticed an angel
  3906 | D:4      | Found a basalt altar of Yredelemnul.
  3907 | D:4      | Noticed a profane servitor
  3957 | D:5      | Entered Level 5 of the Dungeon
  3965 | D:5      | Reached *** piety under Cheibriados
  3965 | D:5      | Reached XP level 7. HP: 43/47 MP: 13/13
  3969 | D:5      | Reached skill level 1 in Fighting
  3974 | D:5      | Found a shadowy altar of Dithmenos.
  3995 | D:5      | Reached skill level 5 in Fire Magic
  4035 | D:5      | Reached skill level 1 in Short Blades
  4035 | D:5      | Reached skill level 1 in Polearms
  4098 | D:5      | Noticed Edmund
  4105 | D:5      | Killed Edmund
  4157 | D:5      | Found an opulent altar of Gozag.
  4210 | D:5      | Reached skill level 2 in Fighting
  4210 | D:5      | Reached XP level 8. HP: 39/56 MP: 14/14
  4401 | D:5      | Gained mutation: You are somewhat resistant to further mutation. [potion of mutation]
  4812 | D:6      | Found a sacrificial altar of Ru.
  5035 | D:6      | Noticed a dagger
  5036 | D:6      | Noticed an enchanted hand axe
  5040 | D:6      | Found a hide-covered altar of Uskayaw.
  5053 | D:6      | Reached skill level 5 in Dodging
  5053 | D:6      | Reached skill level 5 in Spellcasting
  5053 | D:6      | Reached XP level 9. HP: 61/62 MP: 16/16
  5202 | D:6      | Reached skill level 3 in Fighting
  5210 | D:6      | Noticed Eustachio
  5212 | D:6      | Noticed Sigmund
  5235 | D:6      | Killed Sigmund
  5235 | D:6      | Reached skill level 5 in Polearms
  5265 | D:6      | Killed Eustachio
  5389 | D:6      | Reached **** piety under Cheibriados
  5964 | D:6      | Found a bloodstained altar of Trog.
  5964 | D:6      | Found a faded altar of an unknown god.
  5969 | D:6      | Found a hazy altar of Hepliaklqana.
  5971 | D:6      | Found a deep blue altar of Sif Muna.
  5973 | D:6      | Found a burning altar of Makhleb.
  6183 | D:6      | Reached skill level 4 in Fighting
  6583 | D:7      | Reached ***** piety under Cheibriados
  6646 | D:7      | Reached skill level 5 in Armour
  6646 | D:7      | Reached XP level 10. HP: 70/73 MP: 18/18
  6923 | D:8      | Noticed a great orb of eyes
  6923 | D:8      | Noticed a centaur warrior
  6929 | D:8      | Found a shattered altar of Ashenzari.
  6929 | D:8      | Found a transporter.
  6968 | D:8      | Learned a level 5 spell: Fireball
  7006 | D:8      | Noticed aTarkinC's ghost (novice TeFE)
  7022 | D:8      | Killed aTarkinC's ghost
  7022 | D:8      | Reached skill level 5 in Fighting
  7236 | D:8      | Found a transporter.
  7411 | D:8      | Found an iron altar of Okawaru.
  7449 | D:8      | Noticed Grum
  7474 | D:8      | Killed Grum
  7816 | D:9      | Reached skill level 6 in Fighting
  7994 | D:9      | Reached skill level 5 in Conjurations
  8008 | D:9      | Reached ****** piety under Cheibriados
  8274 | D:9      | Found an ancient bone altar of Kikubaaqudgha.
  8352 | D:9      | Reached XP level 11. HP: 81/81 MP: 20/20
  8409 | D:9      | Found a radiant altar of Vehumet.
  8709 | D:9      | Found a staircase to the Orcish Mines.
  9048 | D:10     | Entered Level 10 of the Dungeon
  9115 | D:10     | Found a staircase to the Lair.
  9462 | D:10     | Noticed an unseen horror
  9471 | D:10     | Killed an unseen horror
  9965 | D:11     | Noticed a cyclops
  9971 | D:11     | Killed a cyclops
  9971 | D:11     | Reached skill level 7 in Fighting
 10207 | D:11     | Got a distressingly furry leather armour
 10218 | D:11     | Identified the +4 leather armour of Dyspraxia {Str+3} (You found it on level 11 of the Dungeon)
 10261 | D:11     | Noticed a two-headed ogre
 10367 | D:12     | Found a labyrinth entrance.
 10379 | Lab      | Entered a labyrinth
 11181 | Lab      | Noticed a minotaur
 11206 | Lab      | Killed a minotaur
 11244 | Lab      | Identified Xikycvub's Papyrus of Displacement
 11466 | D:12     | Noticed a manticore
 11478 | D:12     | Killed a manticore
 11595 | D:12     | Found a portal to a secret trove of treasure.
 11643 | D:12     | Noticed an unseen horror
 11645 | D:12     | Killed an unseen horror
 11712 | D:12     | Reached XP level 12. HP: 91/91 MP: 23/23
 11779 | D:12     | Reached skill level 10 in Polearms
 12489 | D:13     | Noticed a two-headed ogre
 12491 | D:13     | Banished a two-headed ogre
 13041 | D:13     | Noticed Rupert
 13049 | D:13     | Reached skill level 8 in Fighting
 13531 | D:13     | Noticed Josephine
 13542 | D:13     | Killed Josephine
 13610 | D:13     | Reached skill level 1 in Evocations
 13828 | D:13     | Noticed Kirke
 13895 | D:13     | Banished Kirke
 13918 | D:13     | Noticed a great orb of eyes
 13919 | D:13     | Paralysed by a great orb of eyes for 4 turns
 13924 | D:13     | Killed a great orb of eyes
 13924 | D:13     | Gained mutation: You can hop long distances. [Barachi growth]
 13924 | D:13     | Reached XP level 13. HP: 70/99 MP: 25/25
 14244 | D:13     | Paralysed by Rupert for 5 turns
 14258 | D:13     | Killed Rupert
 14530 | D:14     | Found a gate to the Vaults.
 14530 | D:14     | Noticed Nessos
 14530 | D:14     | Noticed Urug
 14684 | D:14     | Killed Urug
 14697 | D:14     | Banished Nessos
 14697 | D:14     | Reached skill level 1 in Hexes
 15260 | D:13     | Learned a level 3 spell: Mephitic Cloud
 15382 | D:14     | Reached skill level 9 in Fighting
 15961 | D:14     | Noticed Frances
 16364 | D:14     | Killed Frances
 16679 | D:15     | Entered Level 15 of the Dungeon
 16679 | D:15     | Noticed Agnes
 16679 | D:15     | Noticed Sonja
 16769 | D:15     | Noticed Azrael
 16933 | D:15     | Reached XP level 14. HP: 91/108 MP: 25/27
 16990 | D:15     | Killed Agnes
 17024 | D:15     | Killed Sonja
 17024 | D:15     | Reached skill level 10 in Dodging
 17026 | D:15     | Reached skill level 10 in Fire Magic
 17350 | D:15     | Reached skill level 1 in Invocations
 17453 | D:15     | Got a thick robe
 17464 | D:15     | Identified the +0 robe of the Dice {rF+ Int+2} (You found it on level 15 of the Dungeon)
 17580 | D:15     | Found Cebass's Gadget Shop.
 18130 | D:15     | Found a staircase to the Depths.
 18301 | D:15     | Banished Azrael
 18361 | D:15     | Reached skill level 10 in Spellcasting
 18533 | D:15     | Reached skill level 10 in Fighting
 18680 | Lair:1   | Entered Level 1 of the Lair of Beasts
 19356 | Lair:1   | Got an ichor-stained quarterstaff
 19357 | Lair:1   | Identified the +7 quarterstaff of the Vaults {venom, Fragile rPois MR+ Dex+8} (You found it on level 1 of the Lair of Beasts)
 19824 | Lair:2   | Learned a level 5 spell: Borgnjor's Vile Clutch
 19870 | Lair:2   | Found a frozen archway.
 19887 | IceCv    | Entered an ice cave
 19923 | IceCv    | Reached skill level 1 in Staves
 20093 | IceCv    | Identified the Grimoire of Execration
 20457 | IceCv    | Noticed a frost giant
 20514 | IceCv    | Killed a frost giant
 20879 | Lair:2   | Reached XP level 15. HP: 117/117 MP: 29/29
 21036 | Lair:2   | Reached skill level 5 in Staves
 21497 | Lair:3   | Noticed Harold
 21525 | Lair:3   | Killed Harold
 21533 | Lair:3   | Noticed ClockworkOrrery's ghost (journeyman GrWz)
 21732 | Lair:3   | Killed ClockworkOrrery's ghost
 22714 | Lair:4   | Found a staircase to the Snake Pit.
 24024 | Lair:4   | Learned a level 1 spell: Summon Butterflies
 24122 | Lair:4   | Found a staircase to the Swamp.
 24353 | Lair:5   | Reached skill level 11 in Fighting
 24427 | Lair:5   | Found a staircase to the Slime Pits.
 25259 | Lair:6   | Entered Level 6 of the Lair of Beasts
 25752 | Lair:6   | Found a runed door.
 25837 | Lair:6   | Reached XP level 16. HP: 63/125 MP: 24/30
 26100 | Lair:6   | Paralysed by a hornet for 3 turns
 26850 | Lair:6   | Reached skill level 10 in Staves
 27799 | Orc:1    | Entered Level 1 of the Orcish Mines
 27799 | Orc:1    | Found a burning altar of Makhleb.
 28116 | Orc:2    | Entered Level 2 of the Orcish Mines
 28171 | Orc:2    | Found a roughly hewn altar of Beogh.
 28212 | Orc:2    | Found a staircase to the Elven Halls.
 28583 | Orc:2    | Found Dieguv's Distillery.
 28592 | Orc:2    | Bought a potion of curing for 48 gold pieces
 29440 | Orc:2    | Found Mismafoc's Magic Scroll Boutique.
 29440 | Orc:2    | Found Teileo Poygh's Armour Shoppe.
 29442 | Orc:2    | Found Jikasaw's General Store.
 29442 | Orc:2    | Found Ciwnumas's Jewellery Shoppe.
 29461 | Orc:2    | Bought a scroll of identify for 32 gold pieces
 29461 | Orc:2    | Bought a scroll of identify for 32 gold pieces
 29461 | Orc:2    | Bought a scroll of fear for 56 gold pieces
 29461 | Orc:2    | Bought a scroll of teleportation for 48 gold pieces
 29461 | Orc:2    | Bought a scroll of enchant armour for 120 gold pieces
 29461 | Orc:2    | Bought a scroll of teleportation for 48 gold pieces
 29461 | Orc:2    | Bought a scroll of identify for 32 gold pieces
 29538 | Elf:1    | Entered Level 1 of the Elven Halls
 29676 | Elf:1    | Reached skill level 10 in Conjurations
 30174 | Swamp:1  | Entered Level 1 of the Swamp
 30359 | Swamp:1  | Reached skill level 10 in Armour
 30566 | Swamp:1  | Identified a scroll of acquirement
 30570 | Swamp:1  | Identified the +5 shield of Hedge Wizardry {rPois} (You acquired it on level 1 of the Swamp)
 30725 | Swamp:1  | Reached skill level 12 in Fighting
 31932 | Swamp:3  | Reached XP level 17. HP: 133/133 MP: 32/32
 32495 | Swamp:3  | Learned a level 5 spell: Dispel Undead
 32886 | Swamp:4  | Entered Level 4 of the Swamp
 34132 | Swamp:4  | Reached skill level 13 in Fighting
 34150 | Swamp:4  | Got a decaying rune of Zot
 35104 | Snake:1  | Entered Level 1 of the Snake Pit
 36900 | Snake:2  | Noticed Vashnia
 37630 | Snake:2  | Found Sysof's Jewellery Emporium.
 37632 | Snake:2  | Found Sununt's Gadget Shop.
 37633 | Snake:2  | Found Badahoa's Jewellery Emporium.
 37655 | Snake:2  | Reached skill level 14 in Fighting
 37694 | Snake:2  | Reached XP level 18. HP: 130/146 MP: 33/33
 38672 | Snake:2  | Killed Vashnia
 39444 | Snake:3  | Identified the ring of Osummuiwye {*Tele rPois rN+} (You found it on level 3 of the Snake Pit)
 40105 | Snake:3  | Identified the +1 long sword "Frog's Foe" {holy, rF+ Str+5} (You found it on level 3 of the Snake Pit)
 40783 | Snake:4  | Entered Level 4 of the Snake Pit
 42925 | Snake:4  | Reached skill level 15 in Fighting
 43980 | Snake:4  | Reached XP level 19. HP: 136/155 MP: 35/35
 44002 | Snake:4  | Reached skill level 15 in Dodging
 44389 | Snake:4  | Got a serpentine rune of Zot
 44898 | Snake:4  | Noticed Aizul
 45611 | Snake:4  | Learned a level 6 spell: Freezing Cloud
 45801 | Snake:4  | Killed Aizul
 45851 | Snake:4  | Reached skill level 1 in Ice Magic
 45857 | Snake:4  | Reached skill level 1 in Air Magic
 46498 | Vaults:1 | Entered Level 1 of the Vaults
 46781 | Vaults:1 | Noticed Jorgrun
 46794 | Vaults:1 | Killed Jorgrun
 48858 | Vaults:1 | Reached skill level 16 in Fighting
 50261 | Vaults:2 | Reached XP level 20. HP: 127/165 MP: 34/37
 50281 | Vaults:2 | Found a staircase to the Crypt.
 50507 | Vaults:2 | Reached skill level 5 in Ice Magic
 50507 | Vaults:2 | Reached skill level 5 in Air Magic
 52405 | Vaults:2 | Identified the cursed +1 glaive "Tuoquris" {freeze, rC++ MR- Dex+3 Stlth+} (You took it off a fire giant on level 2 of the Vaults)
 52866 | Vaults:2 | Learned a level 4 spell: Cause Fear
 52905 | Vaults:2 | Reached skill level 17 in Fighting
 54379 | Vaults:3 | Reached XP level 21. HP: 125/175 MP: 38/38
 54896 | Vaults:3 | Identified the +1 scale mail of Misanthropy {rC+ Dex+3} (You found it on level 3 of the Vaults)
 55973 | Vaults:4 | Reached skill level 18 in Fighting
 57107 | Depths:1 | Entered Level 1 of the Depths
 57435 | Depths:1 | Noticed Mara
 57454 | Depths:1 | Noticed Atlas's illusion
 58602 | Elf:1    | Identified the Handbook of the Entourage
 58684 | Elf:1    | Found a radiant altar of Vehumet.
 58883 | Elf:1    | Learned a level 6 spell: Shadow Creatures
 59216 | Elf:1    | Learned a level 8 spell: Ignition
 59222 | Elf:1    | Identified the +12 battleaxe of Xaraikleuci {drain, Str+4 Stlth+} (You found it on level 1 of the Elven Halls)
 59225 | Elf:1    | Identified a +0 pair of boots of running (You found it on level 1 of the Elven Halls)
 59401 | Elf:2    | Reached skill level 1 in Summonings
 60235 | Elf:2    | Reached skill level 5 in Summonings
 60290 | Elf:2    | Reached XP level 22. HP: 139/185 MP: 32/39
 60291 | Elf:2    | Found Roptufy's Armour Shoppe.
 60639 | Elf:2    | Found a huge runed gate.
 60639 | Elf:2    | Found a huge runed gate.
 60639 | Elf:2    | Found a huge runed gate.
 60639 | Elf:2    | Found a huge runed gate.
 60642 | Elf:2    | Found a huge runed gate.
 61864 | Elf:3    | Entered Level 3 of the Elven Halls
 62377 | Elf:3    | Reached skill level 10 in Summonings
 64302 | Elf:3    | Identified Bejegg's Collected Works on Weightlessness and Venom
 64359 | Elf:3    | Identified the Disquisition on Confrontation and Venom
 65160 | Depths:1 | Noticed Atlas's illusion
 65165 | Depths:1 | Killed Mara
 65463 | Depths:1 | Noticed the Enchantress
 65697 | D:15     | Killed the Enchantress
 65700 | D:15     | Got faerie dragon scales
 65711 | D:15     | Identified the +4 faerie dragon scales {rCorr Int+3} (You took it off the Enchantress on level 15 of the Dungeon)
 66052 | Depths:1 | Found a one-way gate leading to the halls of Pandemonium.
 66111 | Depths:1 | Found a gateway to a ziggurat.
 66141 | Depths:1 | Reached skill level 19 in Fighting
 66536 | Depths:1 | Reached XP level 23. HP: 170/194 MP: 40/41
 66586 | Depths:1 | Noticed Nikola
 66944 | Depths:1 | Killed Nikola
 67451 | Depths:1 | Found a shattered altar of Ashenzari.
 67574 | Depths:1 | Found a gateway to Hell.
 67956 | Depths:2 | Reached skill level 10 in Ice Magic
 70268 | Depths:3 | Found a gateway to a bazaar.
 70333 | Depths:3 | Found Henaacici's Antique Armour Shop.
 70339 | Bazaar   | Entered a bazaar
 70339 | Bazaar   | Found Unaduud's Food Shoppe.
 70349 | Bazaar   | Found Nuakkiv's Antique Armour Shoppe.
 70358 | Bazaar   | Found Kerhiz's Gadget Emporium.
 70360 | Bazaar   | Found Feol's Jewellery Emporium.
 70377 | Bazaar   | Found Qaotel's Assorted Antiques.
 70386 | Bazaar   | Bought a scroll of enchant armour for 202 gold pieces
 70550 | Depths:3 | Reached skill level 20 in Fighting
 70592 | Depths:3 | HP: 2/196 [spriggan defender/enchanted quick blade[a spriggan defender] (14)]
 70604 | Depths:3 | Found Qodihoe's Armour Boutique.
 70604 | Depths:3 | HP: 8/196 [spriggan rider/spear[a spriggan defender] (3)]
 71189 | Depths:3 | Found Lagoerphutho's Antique Weapon Boutique.
 71283 | Depths:3 | Found a sparkling altar of Nemelex Xobeh.
 71361 | Depths:3 | Cast into level 2 of the Abyss (hell knight)
 71375 | Depths:3 | Escaped the Abyss
 71473 | Depths:3 | Reached XP level 24. HP: 96/204 MP: 31/41
 71989 | Depths:3 | Found Tyishoq's Distillery.
 71998 | Depths:3 | Bought a potion of curing for 42 gold pieces
 71998 | Depths:3 | Bought 2 potions of curing for 84 gold pieces
 72338 | Depths:3 | Reached skill level 15 in Fire Magic
 72836 | Depths:3 | Found a one-way gate to the infinite horrors of the Abyss.
 73653 | Depths:4 | Reached skill level 15 in Spellcasting
 74541 | Depths:4 | Found Qotisit's Armour Boutique.
 75300 | Depths:4 | Identified the +1 chain mail "Hoar" {Int+3 Slay+4} (You found it on level 4 of the Depths)
 75610 | Depths:5 | Entered Level 5 of the Depths
 76579 | Depths:5 | Reached skill level 21 in Fighting
 77525 | Depths:4 | Found a hide-covered altar of Uskayaw.
 77535 | Depths:5 | Reached XP level 25. HP: 182/214 MP: 42/42
 78649 | Depths:5 | Identified the +10 war axe "Maoce Esiong" {freeze, MR- Int+4} (You found it on level 5 of the Depths)
 79479 | Depths:5 | Found a gate to the Realm of Zot.
 79816 | Vaults:5 | Entered Level 5 of the Vaults
 79816 | Vaults:5 | Noticed Jory
 79868 | Vaults:5 | Reached skill level 22 in Fighting
 79889 | Vaults:4 | Killed Jory
 80860 | Vaults:5 | Noticed an ancient lich
 81095 | Vaults:4 | Killed an ancient lich
 81671 | Vaults:5 | Noticed an ancient lich
 81692 | Vaults:5 | Killed an ancient lich
 81692 | Vaults:5 | Reached XP level 26. HP: 86/224 MP: 18/43
 83030 | Vaults:5 | Identified the +3 ring mail of the King of the Hill {rF+ rC+} (You found it on level 5 of the Vaults)
 83163 | Vaults:5 | Identified the amulet of the Morning {Spirit +Inv rF+ MR+ Int+3} (You took it off a deep elf mage on level 5 of the Vaults)
 83466 | Vaults:5 | Identified the ring "Ronwag" {-Tele rPois rN+ Int+3 Dex+3} (You took it off an ironbrand convoker on level 5 of the Vaults)
 83534 | Vaults:5 | Got a silver rune of Zot
 83539 | Vaults:5 | Identified the +1 ring mail of Gozag's Whim {Int+4} (You found it on level 5 of the Vaults)
 83780 | Vaults:5 | Learned a level 8 spell: Controlled Blink
 84178 | Hell     | Entered the Vestibule of Hell
 84178 | Hell     | Noticed Geryon
 84499 | Depths:4 | Voluntarily entered the Abyss.
 84499 | Abyss:1  | Found a corrupted altar of Lugonu.
 84557 | Abyss:1  | Reached skill level 1 in Translocations
 84590 | Depths:4 | Escaped the Abyss
 84774 | Depths:4 | Voluntarily entered the Abyss.
 84787 | Abyss:1  | Found a corrupted altar of Lugonu.
 84883 | Abyss:1  | Killed Nessos
 84962 | Abyss:1  | Killed Azrael
 85242 | Abyss:2  | Reached skill level 5 in Translocations
 85488 | Abyss:2  | Noticed an ancient lich
 85518 | Abyss:2  | Killed an ancient lich
 85532 | Abyss:2  | Found a corrupted altar of Lugonu.
 85805 | Abyss:2  | Found a corrupted altar of Lugonu.
 85929 | Abyss:2  | Paralysed by accursed screaming for 1 turns
 86206 | Abyss:3  | Gained mutation: You tend to lose your temper in combat. [a neqoxec]
 86328 | Abyss:3  | Reached skill level 10 in Translocations
 86495 | Abyss:3  | Lost mutation: You tend to lose your temper in combat. [potion of mutation]
 86495 | Abyss:3  | Lost mutation: You are somewhat resistant to further mutation. [potion of mutation]
 86495 | Abyss:3  | Gained mutation: You possess an exceptional clarity of mind. [potion of mutation]
 86495 | Abyss:3  | Gained mutation: Your mind is acute. (Int +2) [potion of mutation]
 86697 | Abyss:4  | Found a corrupted altar of Lugonu.
 86699 | Abyss:4  | Identified the cursed +0 plate armour "Nyxzinuts" {Dex+2} (You found it on level 4 of the Abyss)
 86836 | Abyss:5  | Entered Level 5 of the Abyss
 86999 | Abyss:5  | Reached XP level 27. HP: 81/233 MP: 37/43
 87092 | Abyss:5  | Gained mutation: Your body sometimes deteriorates upon taking damage. [a neqoxec]
 87115 | Depths:4 | Escaped the Abyss
 87559 | Depths:4 | Voluntarily entered the Abyss.
 87611 | Abyss:1  | Identified Nipop's Papyrus of Twisted Snow
 87724 | Abyss:1  | Killed Kirke
 88146 | Depths:4 | Escaped the Abyss
 88430 | Crypt:1  | Entered Level 1 of the Crypt
 89322 | Crypt:1  | Found a blossoming altar of Fedhas.
 89491 | Crypt:2  | Reached skill level 15 in Translocations
 89599 | Crypt:2  | HP: 6/233 [phantasmal warrior (22)]
 90775 | Crypt:2  | Noticed Boris
 90815 | Crypt:1  | Killed Boris
 92432 | Crypt:3  | Entered Level 3 of the Crypt
 93236 | Crypt:3  | Noticed an ancient lich
 93269 | Crypt:3  | Killed an ancient lich
 93790 | Crypt:3  | Found a basalt altar of Yredelemnul.
 93819 | Crypt:3  | Found a staircase to the Tomb.
 94760 | Tomb:1   | Entered Level 1 of the Tomb of the Ancients
 94821 | Tomb:1   | Noticed Boris
 94832 | Tomb:1   | Killed Boris
 94832 | Tomb:1   | Reached skill level 1 in Necromancy
 94990 | Tomb:1   | Noticed Mennas
 95238 | Tomb:1   | Killed Mennas
 96044 | Tomb:1   | Reached skill level 15 in Armour
 96486 | Tomb:1   | Noticed a greater mummy
 96492 | Tomb:1   | Killed a greater mummy
 96683 | Tomb:1   | Identified Puofra's Compendium of Boosts and Translocation
 97511 | Hell     | Reached skill level 5 in Necromancy
 98420 | Depths:1 | Engulfed by a cloud of freezing vapour

Vault maps used:
D:1:      dpeg_arrival_simpleton_c
D:2:      zin_angel, overflow_temple_1_default, first_ration,
          minmay_misc_feat_x, minmay_tromino_v7
D:3:      cheibrodos_thug_alley, uniq_ijyb, uniq_jessica
D:4:      grunt_temple_overflow_holy_war, minmay_temple_entry_large_hall
D:5:      nicolae_gozag_cash_rules_everything_around_me,
          nicolae_dithmenos_the_darkroom, small_statue_intersection, uniq_edmund
D:6:      cheibrodos_steamvent, lemuel_round_altar, dancing_weapons_uskayaw,
          chequers_temple_overflow_minitemple, cheibrodos_sewer_entry_drain,
          uniq_sigmund, uniq_eustachio
D:8:      gammafunk_temple_overflow_arena, okawaru_gym_becter, uniq_grum
D:9:      kiku_gazebo_garden_becter, overflow_temple_1_default, orc_0_dummy,
          the_bakery
D:10:     david_lair_shrubbed
D:12:     cheibrodos_orc_bank, enter_trove_6, lab_entry_generic, enter_bailey_7
D:13:     uniq_rupert, uniq_kirke, uniq_josephine
D:14:     kennysheep_six_static_rooms, david_vaults_3, serial_park_tiny_pond,
          minmay_protected_statue, uniq_frances
D:15:     grunt_enter_depths_hoard, minmay_misc_feat_iff, serial_shops,
          nicolae_shop_window_shopping, roderic_serpentine_path, uniq_agnes,
          uniq_sonja, uniq_azrael
Lair:1:   kennysheep_abandoned_house, grunt_megastairs_1
Lair:2:   portal_ice_cave_entry_pillars_2, beast_lair_carwin_3
Lair:3:   grunt_forest_large_clearing_hut, infiniplex_staircase_pool,
          grunt_megastairs_5, uniq_harold
Lair:4:   minmay_swamp_entry_worms, minmay_snake_entry_six_corridors,
          minmay_lair_oklob_chamber
Lair:5:   minmay_slime_entry_eyes, nicolae_lair_grove_arrangements,
          infiniplex_staircase_pool_2
Lair:6:   wormcave, hangedman_lair_caniforms_friends, ice2_lemuel
Swamp:1:  serial_swamp_ruin, evilmike_swamp_ruin_wall,
          evilmike_swamp_ruin_house_3
Swamp:2:  evilmike_swamp_ruin_house_4, swamp_pool1
Swamp:3:  nicolae_swamp_rocky_clearing
Swamp:4:  swamp_alternative
Snake:2:  statue_in_the_mist_lemuel, stair_cage_line, minmay_shop_grove,
          serial_bayou_shore_b, uniq_vashnia
Snake:4:  grunt_snake_rune_serpentine_throne, serial_bayou_pond_c, uniq_aizul
Orc:1:    bloody_makhleb
Orc:2:    grunt_orc_tribal_feast, serial_shops, nicolae_shop_crystal,
          basic_altar
Elf:1:    minmay_the_grid_net, basic_altar, minmay_elf_demonology
Elf:2:    serial_shops, nicolae_shop_temple_entry_statues_fountains
Elf:3:    minmay_elf_hall_furrowed, grunt_megastairs_3
Vaults:1: nicolae_vaults_network_s, st_lines, ontoclasm_vaults_eye,
          hangedman_vaults_locks, nicolae_vaults_network_barrier,
          nicolae_vaults_sealed_display, v_misc_18, vaults_mumra_lcd,
          nicolae_vaults_little_squares_5, v_misc_8, serial_ice_g, uniq_jorgrun
Vaults:2: st_greater_box_3, hangedman_vaults_hat, ontoclasm_vaults_ring_small,
          nicolae_vaults_yaktaur_gun_rack, ontoclasm_vaults_ring_small,
          vaults_room_fours, minmay_crypt_entry_simple_corners,
          hangedman_vaults_stream, ontoclasm_vaults_chip, v_misc_14
Vaults:3: v_pattern_2, st_more_cells, ontoclasm_vaults_chip,
          ontoclasm_vaults_chip
Vaults:4: v_misc_3, hangedman_vaults_maws, v_rooms_4, v_alt_pattern_4, v_misc_4,
          vaults_room_fancy_cross, v_misc_12, nicolae_vaults_an_arrangement,
          v_pattern_4, v_misc_17, vaults_room_hallway,
          ontoclasm_vaults_shuriken, nicolae_vaults_asterisk, vaults_room_pools
Vaults:5: serial_shops, uniq_jory
Crypt:1:  nicolae_crypt_fedhas_prevails, minmay_strange_pillars, st_stairs_4,
          minmay_misc_feat_pillars, serial_sigils_hangedman_writhe,
          minmay_strange_pillars, minivault_4, grunt_crypt_arrival_webbed
Crypt:2:  uniq_boris
Crypt:3:  cryptofortress_bobbens
Tomb:1:   uniq_mennas, uniq_boris
Depths:1: enter_ziggurat_e, lightli_too_deep, nicolae_ashenzari_panopticon,
          rand_demon_pan_entry_3, feat_on_display, uniq_nikola, uniq_mara,
          uniq_enchantress
Depths:2: grunt_deathspiral_small, rand_demon_pan_entry_5, pf_coc_iceberg,
          minivault_11
Depths:3: minmay_spriggan_fort, rand_demon_pan_entry_9, nrook_mini_vaults,
          grunt_hell_entry_dis_old, marbit_kobold_abyss_entry, serial_shops,
          bzr_entry_lakeside, shop, nicolae_shop_stone, shop_fountains,
          kennysheep_mini_moat, nemelex_diamond_rough_becter
Depths:4: regret_index_uskayaw_diablada_macabre, serial_shops,
          nicolae_shop_stone, hell_entry, abyss_entry, grunt_tough_drop,
          serial_bayou_shore_b, infiniplex_staircase_door_maze,
          serial_bayou_shore_b
Depths:5: evilmike_zot_entry_diamond, hell_entry, rand_demon_pan_entry_4,
          minmay_misc_feat_encased, grunt_ministairs_11,
          hangedman_stitches_earthworm
Abyss:1:  hangedman_abyss_theft
Abyss:2:  minivault_27, minivault_19
Abyss:3:  nicolae_abyss_rune_star_stuff
Abyss:4:  evilmike_abyss_exit_6, grunt_abyss_rune_forest_and_sorcery
Abyss:5:  hangedman_elemental_corridor,
          dshaligram_kb_abyss_rune_zappy_water_cross, minivault_19,
          hangedman_abyss_or_decor_jellyfish_corner, minivault_4, minivault_23
Lab:      nicolae_lab_dead_adventurers, labyrinth_skeletal_remains
Bazaar:   bazaar_kb_twisted_cavern
IceCv:    ice_cave_caverns_02

Skill      XL: |  1  2  3  4  5  6  7  8  9 10 11 12 13 14 15 16 17 18 19 20 21 22 23 24 25 26 27 |
---------------+----------------------------------------------------------------------------------+-----
Stealth        | 2 |  2.1
Conjurations   | 2 3 4 5 6 7 8 9 10 11 12 13 | 13.9
Spellcasting   | 3 4 5 6 7 8 9 10 11 12 13 14 15 16 17 | 17.7
Fire Magic     | 4 5 6 8 9 10 11 12 13 14 16 17 18 | 18.4
Unarmed Combat | 1 |  1.4
Dodging        | 3 4 5 6 8 9 10 11 12 13 14 15 16 17 18 19 20 21 | 21.0
Armour         | 1 2 3 4 5 6 8 9 10 11 12 13 14 15 | 15.1
Fighting       | 2 4 6 7 8 9 10 11 12 14 15 16 17 18 19 20 21 22 | 22.8
Short Blades   | 1 |  1.4
Polearms       | 1 4 6 8 9 11 12 13 | 13.8
Evocations     | 1 |  1.8
Hexes          | 1 2 3 |  3.5
Invocations    | 1 |  1.3
Staves         | 4 9 10 | 10.7
Ice Magic      | 4 7 9 10 | 10.4
Air Magic      | 4 7 9 |  9.5
Summonings     | 5 10 | 10.8
Translocations | 11 18 | 18.1
Necromancy     | 5 |  5.8
Throwing       | |  0.8

Action                   |  1- 3 |  4- 6 |  7- 9 | 10-12 | 13-15 | 16-18 | 19-21 | 22-24 | 25-27 || total
-------------------------+-------+-------+-------+-------+-------+-------+-------+-------+-------++-------
Melee: Unarmed           |    27 |    20 |     7 |       |       |       |       |       |       ||    54
       Dagger            |       |    44 |       |       |       |       |       |       |       ||    44
       Trident           |       |    13 |   335 |   178 |       |       |       |       |       ||   526
       Punch             |       |       |     2 |     1 |       |       |       |       |       ||     3
       Glaive            |       |       |       |   363 |   301 |       |       |       |       ||   664
       Quarterstaff      |       |       |       |       |   808 |  1874 |  2129 |  1918 |  2889 ||  9618
Throw: Throwing net      |       |       |       |       |       |     1 |     2 |       |       ||     3
 Cast: Flame Tongue      |    66 |    90 |    44 |   170 |   188 |   262 |    47 |    17 |    11 ||   895
       Sticky Flame      |       |       |    15 |    33 |    40 |   102 |    71 |    55 |    50 ||   366
       Conjure Flame     |       |       |       |     8 |    18 |    11 |     4 |     1 |     1 ||    43
       Fireball          |       |       |       |     4 |    16 |    13 |    19 |     3 |     1 ||    56
       Throw Flame       |       |       |       |     5 |     3 |       |       |       |       ||     8
       Inner Flame       |       |       |       |       |    11 |    10 |     2 |       |       ||    23
       Mephitic Cloud    |       |       |       |       |     1 |       |       |       |       ||     1
       Summon Butterflie |       |       |       |       |       |     1 |     1 |       |       ||     2
       Freezing Cloud    |       |       |       |       |       |       |    25 |    28 |    10 ||    63
       Cause Fear        |       |       |       |       |       |       |     4 |       |       ||     4
       Shadow Creatures  |       |       |       |       |       |       |       |    10 |     8 ||    18
       Ignition          |       |       |       |       |       |       |       |    14 |   131 ||   145
       Dispel Undead     |       |       |       |       |       |       |       |       |    42 ||    42
       Controlled Blink  |       |       |       |       |       |       |       |       |     4 ||     4
Invok: Slouch            |       |       |       |       |     2 |       |       |     1 |       ||     3
 Abil: Hop               |       |     1 |       |     3 |    10 |    21 |    11 |    12 |     9 ||    67
       Stop Flying       |       |       |       |       |       |       |       |     2 |       ||     2
       Evoke Flight      |       |       |       |       |       |       |       |     1 |       ||     1
Evoke: Wand              |       |       |       |     9 |     1 |     8 |     1 |     1 |     1 ||    21
  Use: Potion            |       |     3 |     2 |     2 |     7 |     7 |    10 |       |    17 ||    48
       Scroll            |       |     2 |    11 |     8 |    14 |    18 |    26 |    26 |    21 ||   126
 Stab: Sleeping          |       |     1 |     6 |    12 |     7 |     5 |     8 |     4 |     2 ||    45
       Distracted        |       |       |     1 |     5 |     4 |     5 |     2 |     7 |    15 ||    39
       Confused          |       |       |       |       |     2 |     1 |       |       |       ||     3
       Held in net/web   |       |       |       |       |       |       |     1 |       |       ||     1
       Petrified         |       |       |       |       |       |       |       |       |     1 ||     1
       Paralysed         |       |       |       |       |       |       |       |       |     3 ||     3
  Eat: Chunk             |     2 |     5 |     8 |     6 |    12 |     7 |     7 |       |     5 ||    52
       Ration            |       |       |     1 |     4 |     4 |     8 |     7 |    10 |    15 ||    49
Armor: Robe              |     7 |     1 |       |       |       |       |       |       |       ||     8
       Leather armour    |       |    29 |   174 |   118 |     9 |       |       |       |       ||   330
       Skin              |       |       |     9 |       |       |       |       |       |    40 ||    49
       Steam dragon scal |       |       |       |    16 |       |       |       |       |       ||    16
       Chain mail        |       |       |       |     3 |       |       |       |       |       ||     3
       Ring mail         |       |       |       |       |   350 |   611 |   470 |    98 |       ||  1529
       Acid dragon scale |       |       |       |       |       |       |       |   368 |   575 ||   943
Dodge: Dodged            |    46 |    90 |   394 |   790 |  1642 |  2820 |  2335 |  2584 |  3504 || 14205

Table legend:
 A = Spawn XP
 B = Non-spawn XP
 C = Spawn XP percentage of total XP
 D = Spawn monster count
 E = Non-spawn monster count
 F = Spawn count percentage of total count
 G = Total turns spent on level
                    A         B        C        D         E        F      G
               +---------+---------+-------+---------+---------+-------+---------
         Total |  102268 | 1406760 |   6.8 |     157 |    2545 |   5.8 | 98420
               +---------+---------+-------+---------+---------+-------+---------
           D:1 |       0 |      35 |   0.0 |       0 |      20 |   0.0 |   979
           D:2 |       0 |      76 |   0.0 |       0 |      29 |   0.0 |   969
           D:3 |       0 |     444 |   0.0 |       0 |      47 |   0.0 |  1469
           D:4 |       0 |      59 |   0.0 |       0 |       4 |   0.0 |   540
           D:5 |       0 |    1110 |   0.0 |       0 |      20 |   0.0 |   854
           D:6 |       0 |    2012 |   0.0 |       0 |      30 |   0.0 |  1603
           D:7 |       0 |    1255 |   0.0 |       0 |      25 |   0.0 |   626
           D:8 |       0 |    2549 |   0.0 |       0 |      40 |   0.0 |   902
           D:9 |       0 |    4104 |   0.0 |       0 |      41 |   0.0 |  1459
          D:10 |       0 |    2506 |   0.0 |       0 |      25 |   0.0 |   886
          D:11 |       0 |    1472 |   0.0 |       0 |      15 |   0.0 |   565
          D:12 |       0 |    3246 |   0.0 |       0 |      48 |   0.0 |   814
          D:13 |       0 |   18104 |   0.0 |       0 |      55 |   0.0 |  2398
          D:14 |       0 |   14881 |   0.0 |       0 |      51 |   0.0 |  2410
          D:15 |       0 |   24305 |   0.0 |       0 |      50 |   0.0 |  3329
        Lair:1 |       0 |    3243 |   0.0 |       0 |      26 |   0.0 |  1055
        Lair:2 |       0 |    3612 |   0.0 |       0 |      19 |   0.0 |   953
        Lair:3 |       0 |   10537 |   0.0 |       0 |      29 |   0.0 |  1145
        Lair:4 |       0 |   13734 |   0.0 |       0 |      57 |   0.0 |  1861
        Lair:5 |       0 |    3818 |   0.0 |       0 |      13 |   0.0 |  1039
        Lair:6 |       0 |   30437 |   0.0 |       0 |     114 |   0.0 |  2405
       Swamp:1 |       0 |    9337 |   0.0 |       0 |      25 |   0.0 |  1101
       Swamp:2 |       0 |    7522 |   0.0 |       0 |      23 |   0.0 |   958
       Swamp:3 |       0 |   10103 |   0.0 |       0 |      30 |   0.0 |  1141
       Swamp:4 |       0 |   26653 |   0.0 |       0 |      55 |   0.0 |  1689
       Snake:1 |       0 |   19822 |   0.0 |       0 |      45 |   0.0 |  2708
       Snake:2 |       0 |   19141 |   0.0 |       0 |      23 |   0.0 |  1440
       Snake:3 |       0 |   13754 |   0.0 |       0 |      24 |   0.0 |  1790
       Snake:4 |       0 |   65523 |   0.0 |       0 |     102 |   0.0 |  5277
         Orc:1 |       0 |    1230 |   0.0 |       0 |      12 |   0.0 |   344
         Orc:2 |       0 |   11896 |   0.0 |       0 |      55 |   0.0 |  2005
         Elf:1 |       0 |   26809 |   0.0 |       0 |      47 |   0.0 |  1861
         Elf:2 |       0 |   43307 |   0.0 |       0 |      56 |   0.0 |  2634
         Elf:3 |       0 |   48751 |   0.0 |       0 |      38 |   0.0 |  2133
      Vaults:1 |       0 |   41984 |   0.0 |       0 |      68 |   0.0 |  3030
      Vaults:2 |       0 |   74373 |   0.0 |       0 |     111 |   0.0 |  3942
      Vaults:3 |       0 |   49000 |   0.0 |       0 |      90 |   0.0 |  2001
      Vaults:4 |       0 |   64318 |   0.0 |       0 |      80 |   0.0 |  4018
      Vaults:5 |       0 |  144447 |   0.0 |       0 |     140 |   0.0 |  2185
       Crypt:1 |       0 |   32263 |   0.0 |       0 |      40 |   0.0 |  2368
       Crypt:2 |       0 |   26726 |   0.0 |       0 |      41 |   0.0 |  2119
       Crypt:3 |       0 |   61103 |   0.0 |       0 |      89 |   0.0 |  2371
        Tomb:1 |       0 |   54321 |   0.0 |       0 |      48 |   0.0 |  1961
      Depths:1 |       0 |   75153 |   0.0 |       0 |      87 |   0.0 |  3871
      Depths:2 |       0 |   67570 |   0.0 |       0 |      79 |   0.0 |  2635
      Depths:3 |       0 |   52367 |   0.0 |       0 |      78 |   0.0 |  2679
      Depths:4 |    1429 |   77555 |   1.8 |       3 |      89 |   3.3 |  4205
      Depths:5 |       0 |   78849 |   0.0 |       0 |      69 |   0.0 |  2623
          Hell |       0 |   26320 |   0.0 |       0 |      40 |   0.0 |    36
       Abyss:1 |   30090 |   13481 |  69.1 |      42 |      16 |  72.4 |  1099
       Abyss:2 |   31080 |    5241 |  85.6 |      27 |      17 |  61.4 |   781
       Abyss:3 |   16423 |     576 |  96.6 |      33 |       6 |  84.6 |   585
       Abyss:4 |    8888 |     544 |  94.2 |      26 |       8 |  76.5 |   289
       Abyss:5 |   14358 |    2309 |  86.1 |      26 |       5 |  83.9 |   279
           Lab |       0 |    1118 |   0.0 |       0 |       1 |   0.0 |  1041
         IceCv |       0 |   11755 |   0.0 |       0 |      50 |   0.0 |   857
               +---------+---------+-------+---------+---------+-------+---------
